 Dungeon Crawl Stone Soup version 0.31-a0-95-g6fa058ef04 (webtiles) character file.

Game seed: 3940558457690490231

61 ytrimaz the Trooper (level 4, -5/49 HPs)
             Began as an Ogre Berserker on May 25, 2023.
             Was a Believer of Trog.
             Succumbed to their own poison gas
             ... on level 2 of the Dungeon.
             The game lasted 00:02:18 (1157 turns).

ytrimaz the Trooper (Ogre Berserker)                Turns: 1157, Time: 00:02:18

Health: -5/49      AC:  4    Str: 21 (23) XL:     4   Next: 7%
Magic:  4/4        EV:  9    Int:  7 (8)  God:    Trog [**....]
Gold:   89         SH:  0    Dex:  5 (8)  Spells: 3/3 levels left

rFire   . . .        a - +0 mace (heavy)
rCold   . . .        (no shield)
rNeg    . . .        b - +0 animal skin
rPois   .            (helmet restricted)
rElec   .            d - +0 cloak
rCorr   .            (gloves unavailable)
SInv    .            (boots unavailable)
Will    .....        (no amulet)
Stlth   +            (no ring)
HPRegen 0.28/turn    (no ring)
MPRegen 0.09/turn

%: no passive effects
@: brilliant, lethally poisoned (-5 -> -37)
A: large, unfitting armour, tough skin 1
a: Renounce Religion, Berserk, Trog's Hand


You were on level 2 of the Dungeon.
You worshipped Trog.
Trog was pleased with you.
You visited 1 branch of the dungeon, and saw 2 of its levels.

You collected 89 gold pieces.


Innate Abilities, Weirdness & Mutations

You are too large for most types of armour.
You have tough skin. (AC +1)


   Skills:
 + Level 4.9 Fighting
 * Level 3.3 Maces & Flails
 + Level 3.3 Dodging


You had 3 spell levels left.
You didn't know any spells.
Your spell library was empty.

Inventory:

Hand Weapons
 a - a +0 heavy mace (weapon)
Missiles
 f - 3 javelins (quivered)
 m - 3 boomerangs
Armour
 b - a +0 animal skin (worn)
 d - a +0 cloak (worn)
   (You found it on level 1 of the Dungeon)
Jewellery
 g - an amulet of faith
   (You found it on level 1 of the Dungeon)
Scrolls
 c - a scroll of noise
 j - 2 scrolls of enchant armour

Dungeon Overview and Level Annotations

Branches:
Dungeon (2/15) Zot: 10791

Altars:
The Shining One

#..............
##...########.#
#.............
##############.##########..
#>...................[..#..
##...##################.#..
###....§§#### #...#.#..
######§§§§####...#.#....
##@§§§§§#§###.###..
#.§§§§§§§ #...... #K§§§§###
#####.. §§§§§§# #..
#§§§§§§# #.# #§§§§### ##..
##§§§# #... #§§§# #...
#§§§# #...


You could see a kobold.


Message History

No target in view!
No target in view!
No target in view!
No target in view!
No target in view!
No target in view!
No target in view!
No target in view!
No target in view!
No target in view!
You see here a +0 pair of gloves.
l - a metallic red potion You now have 89 gold pieces (gained 12).
Key pressed, stopping explore.
An endoplasm comes into view.
The endoplasm quivers.
An endoplasm is nearby!
An endoplasm is nearby!
You sock the endoplasm!
You kill the endoplasm!
Trog accepts your kill.
No target in view!
Search for what [? for help]? boom You see here a +0 leather armour.
You see here 3 boomerangs.
Unknown command.
m - 3 boomerangs
Found a stone staircase leading down.
Found a glowing golden altar of the Shining One.
A kobold comes into view. It is wielding a +1 dagger of venom.
The kobold shouts!
A kobold is nearby!
The kobold throws a stone.
The stone barely misses you.
You closely miss the kobold. The kobold misses you.
You barely miss the kobold.
The kobold hits you with a +1 dagger of venom.
You are poisoned.
The kobold hits you with a +1 dagger of venom.
You are more poisoned. 😕 HP[-4]
You take 4 damage, and now have 45/49 hp.
You barely miss the kobold.
You feel extremely sick. The kobold hits you but does no damage.
The kobold hits you with a +1 dagger of venom.
You are more poisoned. 😮 HP[-10]
You take 10 damage, and now have 35/49 hp.
MASSIVE DAMAGE!! (PAUSE) It was a potion of magic.
Magic courses through your body.
You feel very sick. The kobold barely misses you. 😮 HP[-5]
You take 5 damage, and now have 30/49 hp.
It was a potion of brilliance.
You feel clever all of a sudden.
You feel very sick. The kobold barely misses you. 😮 HP[-4]
You take 4 damage, and now have 26/49 hp.
It was a potion of degeneration.
There was something very wrong with that liquid.
You feel weakened.
You feel dopey.
You feel clumsy.
You feel very sick.
The kobold hits you but does no damage. 😨 HP[-3]
You take 3 damage, and now have 23/49 hp.
Unknown command.
You hit the kobold.
You feel very sick.
The kobold hits you with a +1 dagger of venom.
* * * LOW HITPOINT WARNING * * *
You are lethally poisoned!
The kobold hits you with a +1 dagger of venom.
* * * LOW HITPOINT WARNING * * *
You are more poisoned. 😨 HP[-6]
You take 6 damage, and now have 17/49 hp.
As you read the scroll labelled IMEOLA SENLU, it crumbles to dust.
It is a scroll of identify.
j - 2 scrolls of enchant armour
* * * LOW HITPOINT WARNING * * *
You feel extremely sick.
The kobold hits you with a +1 dagger of venom.
* * * LOW HITPOINT WARNING * * *
😱 HP[-11]
You take 11 damage, and now have 6/49 hp.
MASSIVE DAMAGE!! (PAUSE)
The air fills with toxic fumes!
As you read the scroll labelled PYIDIM DONUCZIR, it crumbles to dust.
It was a scroll of poison.
* * * LOW HITPOINT WARNING * * *
You feel very sick. The kobold misses you. 😱 HP[-4]
You take 4 damage, and now have 2/49 hp.
Unknown command.
Really walk into that cloud of poison gas?
You are engulfed in poison gas.
You are more poisoned.
You die...

Skill      XL: |  1  2 |
---------------+-------+-----
Maces & Flails | 3 |  3.3
Dodging        | 3 |  3.3
Fighting       | |  4.9

Action                     |  1- 3 |  4- 6 || total
---------------------------+-------+-------++-------
  Melee: Mace              |   111 |     8 ||   119
         Punch             |     2 |       ||     2
    Use: Scroll            |     3 |     2 ||     5
         Potion            |       |     3 ||     3
 Armour: Animal skin       |    71 |     4 ||    75
  Dodge: Dodged            |   111 |     6 ||   117

Levels and vault maps discovered:
D:1:      dpeg_arrival_renting, layout_basic
D:2:      minmay_diamond_boxcup, layout_basic, basic_altar

Notes
Turn   | Place    | Note
-------+----------+-------------------------------------------
     0 | D:1      | ytrimaz the Ogre Berserker began the quest for the Orb.
     0 | D:1      | Reached XP level 1. HP: 24/24 MP: 1/1
     0 | D:1      | magus.rc [v1.9.6]
   212 | D:1      | Reached XP level 2. HP: 30/32 MP: 2/2
   300 | D:1      | Reached skill level 3 in Maces & Flails
   392 | D:1      | Reached skill level 3 in Dodging
   461 | D:1      | Reached XP level 3. HP: 38/40 MP: 3/3
   549 | D:1      | Reached ** piety under Trog
  1063 | D:2      | Reached XP level 4. HP: 49/49 MP: 4/4
  1142 | D:2      | Found a glowing golden altar of the Shining One.
  1155 | D:2      | HP: 10/49 [poisoned by a kobold]
  1156 | D:2      | HP: 2/49 [poisoned by a kobold]
  1157 | D:2      | Succumbed to their own poison gas

Vanquished Creatures
  An adder (D:2)
  2 dart slugs (D:1)
  5 ball pythons
  5 endoplasms
  3 giant cockroaches (D:1)
  3 goblins (D:1)
  4 hobgoblins
  4 jackals (D:2)
  A quokka (D:2)
  5 bats
  2 frilled lizards (D:1)
  4 kobolds
  4 rats
43 creatures vanquished.

Table legend:
 A = Non-vault XP
 B = Vault XP
 C = Vault XP percentage of total XP
 D = Non-vault monster count
 E = Vault monster count
 F = Vault count percentage of total count
                 A         B        C        D         E       F
            +---------+---------+-------+---------+---------+-------
      Total |      88 |       0 |   0.0 |      43 |       0 |   0.0
            +---------+---------+-------+---------+---------+-------
        D:1 |      53 |       0 |   0.0 |      29 |       0 |   0.0
        D:2 |      35 |       0 |   0.0 |      14 |       0 |   0.0
            +---------+---------+-------+---------+---------+-------

Skill      XL: |  1  2 |
---------------+-------+-----
Maces & Flails | 3 |  3.3
Dodging        | 3 |  3.3
Fighting       | |  4.9

Action                     |  1- 3 |  4- 6 || total
---------------------------+-------+-------++-------
  Melee: Mace              |   111 |     8 ||   119
         Punch             |     2 |       ||     2
    Use: Scroll            |     3 |     2 ||     5
         Potion            |       |     3 ||     3
 Armour: Animal skin       |    71 |     4 ||    75
  Dodge: Dodged            |   111 |     6 ||   117

Illustrated notes

Table legend:
 A = Kills in this place as a percentage of kills in the entire game.
 B = Kills by you in this place as a percentage of kills by you in the entire game.
 C = Kills by friends in this place as a percentage of kills by friends in the entire game.
 D = Other kills in this place as a percentage of other kills in the entire game.
 E = Experience gained in this place as a percentage of experience gained in the entire game.
 F = Experience gained in this place divided by the number of levels of this place that you have seen.
                   A       B       C       D       E      F
               +-------+-------+-------+-------+-------+----------------------
         Total | 100.0 | 100.0 |   N/A |   N/A | 100.0 |  44.0
       Dungeon | 100.0 | 100.0 |   N/A |   N/A | 100.0 |  44.0
               +-------+-------+-------+-------+-------+----------------------

Table legend: (Time is in decaauts)
 A = Elapsed time spent in this place.
 B = Non-inter-level travel time spent in this place.
 C = Inter-level travel time spent in this place.
 D = Time resting spent in this place.
 E = Time spent auto-exploring this place.
 F = Levels seen in this place.
 G = Mean time per level.
                   A        B        C        D        E       F      G
               +--------+--------+--------+--------+--------+-----+--------+
         Total |   1208 |   1169 |     39 |      2 |    805 |   2 |  604.0 |
       Dungeon |   1208 |   1169 |     39 |      2 |    805 |   2 |  604.0 |
               +--------+--------+--------+--------+--------+-----+--------+

Top non-repeatable levels by time:
     D:1: 748 daAuts
     D:2: 460 daAuts
